Cogmind - Beta 16.1 @@@ ROGUE MODE // 2026.04.10 @ 16:50:41 Player: zacyquack Result: Destroyed by G-47 Trooper with Particle Gun Performance ------------- Evolutions (2) 1000 Regions Visited (5) 1000 Robots Destroyed (35) 175 Value Destroyed (875) 875 Prototype IDs (24) 480 Alien Tech Used (0) 0 Bonus (160) 160 TOTAL SCORE: 3690 Bonus ------- Aligned with FarCom 300 Friendly Fire -140 Cogmind --------- Core Integrity 0/550 Matter 37/300 Energy 20/100 System Corruption 0% Temperature Cool (9) Movement Core (450) Ox8 Location -8/Materials Parts ------- > --- POWER (1) -------- (None) > --- PROPULSION (3) --- (None) > --- UTILITY (5) ------ Large Storage Unit > --- WEAPON (2) ------- Field Laser Pulse Rifle > --- INVENTORY (15) --- Light Deuterium Engine Nuclear Core Melee Analysis Suite Propulsion Shielding EM Pulse Cannon Particle Cannon Minigun Longsword +1 Peak State ------------ > --- POWER ------------ Nuclear Core > --- PROPULSION ------- Light Treads Light Treads > --- UTILITY ---------- Improved Heat Sink Large Storage Unit Core Shielding Reactive Plating Hardlight Generator > --- WEAPON ----------- EM Pulse Cannon EM Pulse Cannon > --- INVENTORY -------- Light Deuterium Engine Nuclear Core Melee Analysis Suite Propulsion Shielding Field Laser Pulse Rifle Particle Cannon Ion Cannon Minigun Improved Light Cannon Improved Light Cannon Improved Light Cannon Improved Light Cannon Longsword +1 [Rating: 26] Favorites ----------- Power Ion Engine Engine Ion Engine Power Core Nuclear Core Propulsion Light Treads Treads Light Treads Utility Large Storage Unit Device Improved Heat Sink Storage Large Storage Unit Protection Core Shielding Weapon Light Cannon Energy Gun EM Pulse Gun Energy Cannon EM Pulse Cannon Ballistic Gun Assault Rifle Ballistic Cannon Light Cannon Launcher Grenade Launcher Build | -11 -10 -10 -10 -9 -8 ------- Run | Yrd Mat Min Exi Min Mat Slots Evolved 4 | . . . . . 4 Power . | . . . . . . Propulsion 1 | . . . . . 1 Utility 3 | . . . . . 3 Weapon . | . . . . . . Parts Attached 40 | 6 7 2 . 6 19 Power 5 | 1 1 1 . 1 1 Engine 4 | 1 1 1 . 1 . Core 1 | . . . . . 1 Reactor . | . . . . . . Propulsion 6 | 2 . . . 1 3 Treads 6 | 2 . . . 1 3 Leg . | . . . . . . Wheel . | . . . . . . Hover . | . . . . . . Flight . | . . . . . . Utility 11 | 1 3 . . 3 4 Device 3 | . 1 . . . 2 Storage 2 | 1 1 . . . . Processor . | . . . . . . Hackware . | . . . . . . Protection 6 | . 1 . . 3 2 Artifact . | . . . . . . Weapon 18 | 2 3 1 . 1 11 Energy Gun 5 | 1 1 . . . 3 Energy Cannon 4 | . . . . . 4 Ballistic Gun 2 | 1 . . . 1 . Ballistic Cannon 6 | . 1 1 . . 4 Launcher 1 | . 1 . . . . Special Weapon . | . . . . . . Impact Weapon . | . . . . . . Slashing Weapon . | . . . . . . Piercing Weapon . | . . . . . . Special Melee Weapon . | . . . . . . Unidentified Prototypes 1 | . . . . . 1 Parts Lost 23 | . . . . 10 13 Power 3 | . . . . 2 1 Propulsion 5 | . . . . 3 2 Utility 7 | . . . . 3 4 Weapon 8 | . . . . 2 6 Highest Loss Streak 10 | . . . . 10 8 To Critical Strikes 1 | . . . . 1 . Average Backups 9 | 2 6 14 15 7 9 Power 1 | . 1 2 2 . 1 Propulsion . | . . . 1 . . Utility 2 | . . 5 5 2 1 Weapon 5 | 1 4 6 7 5 6 Tool/Special . | . . . . . . Unused Backups 11 | . 2 1 1 . 7 Power 3 | . 1 . . . 2 Propulsion . | . . . . . . Utility 1 | . . . . . 1 Weapon 7 | . 1 1 1 . 4 Tool/Special . | . . . . . . Average Slot Usage (%) 81 | . 85 100 100 72 70 Engine 10 | . 13 14 14 13 4 Core 1 | . . . . . 4 Treads 15 | . 27 28 28 2 6 Device 2 | . 2 . . . 6 Storage 12 | . 14 14 14 14 8 Protection 14 | . . 14 14 14 22 Energy Gun 4 | . 12 10 . . . Energy Cannon 2 | . . . . . 6 Ballistic Gun 3 | . 1 . . 12 2 Ballistic Cannon 13 | . 12 17 28 14 7 Peak Build Rating 26 | 6 11 10 10 10 26 Average Rating 10 | 4 6 9 9 6 16 On Entrance 6 | . 6 9 9 10 6 Avg Prop Armor Cover (%) . | . . . . . . Naked Turns . | . . . . . . Heaviest Build 56 | 13 32 34 34 34 56 Greatest Support 40 | 40 40 40 40 40 40 Greatest Overweight (x) 14 | 1 1 . . 10 14 Average Overweight (x) 1 | . . . . 8 4 Largest Inventory Capacity 15 | 8 15 15 15 15 15 Average Capacity 14 | 7 14 15 15 15 14 Most Carried 15 | 7 12 15 15 15 15 Average Carried 9 | 2 6 14 15 7 9 Final Capacity 15 | 8 15 15 15 15 15 Final Carried 15 | 2 10 15 15 7 8 Class Distribution -------------------- 100% | Mutant Dominant Class ---------------- Mutant | -10/Materials Mutant | -10/Mines Mutant | -10/Exiles Mutant | -9/Mines Mutant | -8/Materials Resources | -11 -10 -10 -10 -9 -8 ----------- Run | Yrd Mat Min Exi Min Mat Matter Collected 1060 | 263 212 108 . 217 260 Remotely . | . . . . . . Salvage Created 1072 | 72 365 144 . 128 363 Parts 57 | 1 23 11 . 3 19 Haulers Intercepted 2 | . 1 . . . 1 Recyclers Shooed 1 | . . . . 1 . Parts Field Recycled . | . . . . . . Retrieved Matter . | . . . . . . Parts Self-Destructed . | . . . . . . Prevented . | . . . . . . Parts Restored . | . . . . . . Kills | -11 -10 -10 -10 -9 -8 ------- Run | Yrd Mat Min Exi Min Mat Combat Hostiles Destroyed 33 | . 8 7 . 10 8 Guns 7 | . 2 4 . . 1 Cannons 19 | . 5 3 . 4 7 AOE 7 | . 1 . . 6 . Classes Destroyed 11 | 1 5 1 . 2 2 Worker 1 | . . . . . 1 Builder 2 | . 1 . . . 1 Hauler 2 | . 1 . . . 1 Recycler 2 | 1 . . . . 1 Watcher 2 | . 1 . . . 1 Swarmer 10 | . 2 5 . . 3 Grunt 8 | . 6 . . . 2 Duelist 1 | . . . . . 1 Sentry 4 | . . 2 . . 2 Demolisher 2 | . . . . 2 . Assembled 8 | . . . . 8 . Thug 1 | . . . . 1 . Best Kill Streak 7 | 1 2 3 . 7 5 Combat Bots Only 7 | . 2 3 . 7 5 Max Kills in Single Turn 3 | 1 1 1 . 3 1 Gunslinging . | . . . . . . Exploded 2 | . 1 . . 2 . Melee . | . . . . . . Uniques/NPCs Destroyed . | . . . . . . Combat | -11 -10 -10 -10 -9 -8 -------- Run | Yrd Mat Min Exi Min Mat Hostile Shots Fired 296 | . 37 27 . 38 194 Missed 84 | . 15 10 . 7 52 Hits 212 | . 22 17 . 31 142 Melee 7 | . . . . 6 1 Projectile 205 | . 22 17 . 25 141 AOE 16 | . . . . 16 . Critical Strikes 10 | . . . . 1 9 Damage Taken 3512 | . 237 160 . 1015 2100 Core 756 | . 31 23 . 148 554 Absorbed by Shields 376 | . . . . . 376 Redirected to Shielding 102 | . . 13 . 51 38 Ignored by Resistances 137 | . . . . . 137 Regen/Repaired (Parts) 404 | . 65 . . . 339 Core Remaining (%) 59 | 100 . . . 19 . Volleys Fired 107 | 3 32 17 . 18 37 Largest 2 | 2 2 2 . 2 2 Hottest 128 | 60 70 95 . 60 128 Shots Fired 210 | 6 63 34 . 37 70 Gun 71 | 6 35 17 . 11 2 Cannon 132 | . 27 17 . 20 68 Launcher 7 | . 1 . . 6 . Special . | . . . . . . Kinetic 135 | 3 31 17 . 31 53 Thermal 25 | . . 17 . . 8 Explosive 7 | . 1 . . 6 . Electromagnetic 43 | 3 31 . . . 9 Robot Hit Streak 12 | 5 8 6 . 3 12 Robot Miss Streak 4 | 1 3 4 . 4 3 Penetration Max . | . . . . . . Secondary Targets . | . . . . . . Shots Hit Robots 122 | 5 34 18 . 17 48 Core Hits 76 | 2 15 9 . 27 23 Critical Kills . | . . . . . . Critical Parts Destroyed . | . . . . . . Critical Strikes 5 | . . 1 . . 4 Blast 4 | . . 1 . . 3 Corrupt 1 | . . . . . 1 Melee Attacks . | . . . . . . Impact . | . . . . . . Slashing . | . . . . . . Piercing . | . . . . . . Sneak Attacks . | . . . . . . Combat Hostiles . | . . . . . . Follow-up Attacks . | . . . . . . Damage Inflicted 2902 | 49 653 304 . 772 1124 Guns 586 | 49 270 146 . 87 34 Cannons 1691 | . 270 157 . 191 1073 Explosions 604 | . 113 . . 491 . Melee . | . . . . . . Ramming 21 | . . 1 . 3 17 Kinetic 1576 | 25 294 157 . 278 822 Thermal 273 | . . 146 . . 127 Explosive 604 | . 113 . . 491 . Electromagnetic 428 | 24 246 . . . 158 Impact . | . . . . . . Slashing . | . . . . . . Piercing . | . . . . . . Highest Corruption 9 | . . . . 9 . Average Corruption 8 | . . . . 8 . Corruption Purged . | . . . . . . Corruption Blocked . | . . . . . . Effects 26 | . . . . 26 . Message Errors 6 | . . . . 6 . Matter Fused 8 | . . . . 8 . Heat Flow Errors 4 | . . . . 4 . Energy Discharges 4 | . . . . 4 . Data Loss (minor) 1 | . . . . 1 . Data Loss (major) 1 | . . . . 1 . Misfires 1 | . . . . 1 . Alerts 1 | . . . . 1 . Overload Shots . | . . . . . . Overflow Damage 55 | . 16 . . 39 . Projectiles 9 | . . . . 9 . Explosions 46 | . 16 . . 30 . Melee . | . . . . . . Knockbacks 15 | . 1 1 . 3 10 Impact . | . . . . . . Kinetic 12 | . . 1 . 3 8 Secondary 3 | . 1 . . . 2 Self-Inflicted Damage 41 | . . . . 41 . Shots 2 | . . . . 2 . Rammed 5 | . . 1 . 3 1 Targets Rammed 5 | . . 1 . 3 1 Kicked . | . . . . . . Crushed . | . . . . . . Highest Temperature 215 | 20 84 207 . 215 82 Average Temperature 47 | 13 31 93 . 46 21 Received Heat Transfer 837 | . 102 9 . 55 671 Siege Activations . | . . . . . . Martial Activations . | . . . . . . Shielding Activations . | . . . . . . Robots Disrupted . | . . . . . . Combat Hostiles . | . . . . . . Robots Corrupted . | . . . . . . Combat Hostiles . | . . . . . . Parts Fried 3 | . 2 . . . 1 Impact Corruptions . | . . . . . . Robots Melted . | . . . . . . Combat Hostiles . | . . . . . . Parts Melted . | . . . . . . Heat Transferred 555 | . . 333 . . 222 Parts Sabotaged . | . . . . . . Parts Stolen . | . . . . . . Parts Stripped . | . . . . . . Power Chain Reactions . | . . . . . . Alert | -11 -10 -10 -10 -9 -8 ------- Run | Yrd Mat Min Exi Min Mat Maximum Alert Level . | . . . . . . Low Security (%) 100 | 100 100 100 . 100 100 Level 1 . | . . . . . . Level 2 . | . . . . . . Level 3 . | . . . . . . Level 4 . | . . . . . . Level 5 . | . . . . . . High Security . | . . . . . . Max Security . | . . . . . . Peak Influence 165 | 5 141 165 . 30 109 Initial . | . . . . . . Average 18 | . 27 44 . 1 9 Influence Increases 862 | 5 265 235 . 79 278 Destroy 0b10 Robot/C 500 | . 160 140 . 40 160 Destroy 0b10 Robot/NC 45 | 5 15 . . . 25 Destroy Leader 118 | . 44 20 . 10 44 Successful Hack 53 | . 11 . . . 42 Disable Machine 75 | . 15 60 . . . Destroy Structure 56 | . 20 . . 29 7 Lose Combat Pursuer 15 | . . 15 . . . Influence Decreases 836 | 5 265 235 . 79 252 Time Decay 568 | 5 157 235 . 49 122 Lost Part 160 | . . . . 30 130 Purge Threat 108 | . 108 . . . . Squads Dispatched 3 | . 2 . . . 1 Investigation 2 | . 2 . . . . Extermination . | . . . . . . Reinforcement 1 | . . . . . 1 Assault . | . . . . . . Garrison . | . . . . . . Intercept . | . . . . . . Searches Triggered . | . . . . . . Construction Impeded . | . . . . . . Haulers Reinforced . | . . . . . . Active Scanning Responses . | . . . . . . Cargo Convoy Interrupts . | . . . . . . Stealth | -11 -10 -10 -10 -9 -8 --------- Run | Yrd Mat Min Exi Min Mat Distress Signals 2 | . . . . 1 1 Communications Jammed . | . . . . . . Distress Signals . | . . . . . . Times Spotted 60 | . 12 8 . 24 16 Peak Tracking Total 14 | . 3 3 . 14 10 Tactical Retreats 1 | . . 1 . . . Traps | -11 -10 -10 -10 -9 -8 ------- Run | Yrd Mat Min Exi Min Mat Traps Triggered 5 | . 5 . . . . Indirectly . | . . . . . . Trap Hack Attempts . | . . . . . . Triggered . | . . . . . . Disarmed . | . . . . . . Reprogrammed . | . . . . . . Reused . | . . . . . . Traps Extracted . | . . . . . . Installed . | . . . . . . Triggered . | . . . . . . Machines | -11 -10 -10 -10 -9 -8 ---------- Run | Yrd Mat Min Exi Min Mat Machines Disabled 6 | . 2 4 . . . Max in Single Turn 1 | . 1 1 . . . Machines Repaired . | . . . . . . Machines Dismantled . | . . . . . . Machines Sabotaged . | . . . . . . Overloaded Fab Kills . | . . . . . . Hacking | -11 -10 -10 -10 -9 -8 --------- Run | Yrd Mat Min Exi Min Mat Machines Accessed 15 | . 7 . 1 . 7 Terminals 8 | . 5 . . . 3 Fabricators . | . . . . . . Repair Stations 3 | . 1 . . . 2 Recycling Units 3 | . 1 . . . 2 Scanalyzers . | . . . . . . Garrison Access . | . . . . . . Total Hacks 36 | . 18 . 1 . 17 Successful 21 | . 8 . 1 . 12 Failed 15 | . 10 . . . 5 Catastrophic 4 | . 3 . . . 1 Database Lockouts . | . . . . . . Manual 16 | . 10 . 1 . 5 Terminals 20 | . 13 . . . 7 Fabricators . | . . . . . . Repair Stations 12 | . 4 . . . 8 Recycling Units 3 | . 1 . . . 2 Scanalyzers . | . . . . . . Garrison Access . | . . . . . . Terminal Hacks 6 | . 2 . 1 . 3 Robot Analysis 1 | . . . . . 1 Unreport Threat 1 | . 1 . . . . Transport Status 2 | . 1 . . . 1 Hauler Manifests 1 | . . . . . 1 Proto ID Catalog 1 | . . . 1 . . Fabricator Hacks . | . . . . . . Repair Station Hacks 10 | . 4 . . . 6 Scan Component 5 | . 2 . . . 3 Repair 5 | . 2 . . . 3 Recycling Unit Hacks 3 | . 1 . . . 2 Retrieve Components 3 | . 1 . . . 2 Scanalyzer . | . . . . . . Garrison Access Hacks . | . . . . . . Unauthorized Hacks 2 | . 1 . . . 1 Terminals 2 | . 1 . . . 1 Operators 2 | . 1 . . . 1 Fabricators . | . . . . . . Repair Stations . | . . . . . . Recycling Units . | . . . . . . Scanalyzers . | . . . . . . Garrison Access . | . . . . . . Data Cores Recovered . | . . . . . . Used . | . . . . . . Hacking Detections 10 | . 7 . . . 3 Full Trace Events 2 | . 1 . . . 1 Feedback Events . | . . . . . . Feedback Blocked . | . . . . . . Robot Schematics Acquired . | . . . . . . Robots Built . | . . . . . . Authchips . | . . . . . . Time . | . . . . . . Total Robot Build Rating . | . . . . . . Part Schematics Acquired . | . . . . . . Parts Built . | . . . . . . Authchips . | . . . . . . Time . | . . . . . . Total Part Build Rating . | . . . . . . Part Studies Acquired . | . . . . . . Parts Repaired 5 | . 2 . . . 3 Time 130 | . 52 . . . 78 Parts Recycled . | . . . . . . Recycled Matter . | . . . . . . Retrieved Matter . | . . . . . . Retrieved Components 10 | . 5 . . . 5 Parts Scanalyzed . | . . . . . . Part Schematics Acquired . | . . . . . . Parts Damaged . | . . . . . . Bothacking | -11 -10 -10 -10 -9 -8 ------------ Run | Yrd Mat Min Exi Min Mat Used RIF Installer . | . . . . . . Robots Hacked . | . . . . . . Non-combat . | . . . . . . Combat . | . . . . . . Robot Hacks Applied . | . . . . . . Relay Couplers Released . | . . . . . . Fabnet Peak Effective % . | . . . . . . Robots Rewired . | . . . . . . Allies Hacked . | . . . . . . Hacks Repelled . | . . . . . . Allies | -11 -10 -10 -10 -9 -8 -------- Run | Yrd Mat Min Exi Min Mat Total Allies . | . . . . . . Largest Group . | . . . . . . Highest-Rated Group . | . . . . . . Highest-Rated Ally . | . . . . . . Total Orders . | . . . . . . Ally Attacks . | . . . . . . Total Damage . | . . . . . . Kills . | . . . . . . Allies Corrupted . | . . . . . . Allies Melted . | . . . . . . Intel | -11 -10 -10 -10 -9 -8 ------- Run | Yrd Mat Min Exi Min Mat Active Infowar (turns) . | . . . . . . Robot Analysis Total 1 | . . . . . 1 Derelict Logs Recovered 2 | . . 2 . . . Drone Launches . | . . . . . . Drone Recoveries . | . . . . . . Exploration | -11 -10 -10 -10 -9 -8 ------------- Run | Yrd Mat Min Exi Min Mat Turns Passed 4421 | 79 875 822 352 799 1494 Spaces Moved 1629 | 46 433 472 220 143 315 Core 238 | 16 . . . 124 98 Treads 1391 | 30 433 472 220 19 217 Legs . | . . . . . . Wheels . | . . . . . . Hover . | . . . . . . Flight . | . . . . . . Fastest Speed 50 | 50 160 160 160 160 160 Average Speed 233 | 126 160 160 160 498 387 Slowest Speed 750 | 160 240 160 160 550 750 Overloaded Moves . | . . . . . . Propulsion Burnouts . | . . . . . . Robots Hopped . | . . . . . . Potential Cave-ins . | . . . . . . Cave-ins Triggered . | . . . . . . Exploration Rate (%) 46 | 3 67 95 60 33 18 Regions Visited 5 Branch Regions 3 Pre-discovered Areas 1 | . . 1 . . . Known Exits Taken . | . . . . . . Unknown Exits Taken 5 | 1 1 1 1 1 . Scrap Searched 3 | . . 2 . 1 . Spaces Dug 6 | . 6 . . . . Terrain Destroyed 74 | . 30 . . 40 4 Melee . | . . . . . . Projectile 5 | . . . . 1 4 AOE 69 | . 30 . . 39 . Terrain Rammed . | . . . . . . Walls Destroyed . | . . . . . . Machines Disabled . | . . . . . . Actions | -11 -10 -10 -10 -9 -8 --------- Run | Yrd Mat Min Exi Min Mat Total 2036 | 61 549 506 221 183 516 Wait 150 | . 52 . . 9 89 Move 1624 | 45 432 471 219 142 315 Hop . | . . . . . . Pick Up 70 | 7 18 10 1 . 34 Fast Attach 2 | 1 . . . . 1 Attach 36 | 5 8 . . 8 15 Detach . | . . . . . . Swap 23 | . 4 2 . 3 14 Drop 19 | . 3 5 1 . 10 Fire 107 | 3 32 17 . 18 37 Melee . | . . . . . . Ram 3 | . . . . 3 . Kick . | . . . . . . Crush 2 | . . 1 . . 1 Escape Stasis . | . . . . . . Rewire . | . . . . . . Trap . | . . . . . . Miscellaneous . | . . . . . . Route ------- -11/Scrapyard -10/Materials (discovered 3 exits: [*Mat x2] / [*Min]) -10/Mines (discovered 3 exits: [*Mat x2] / *Exi) -10/Exiles -9/Mines -8/Materials History --------- Turn | Location | Event 30 | -11/Scrapyard | Discovered new exit (range 15) 80 | -11/Scrapyard | Entered Materials 214 | -10/Materials | Discovered new exit (range 12) 314 | -10/Materials | Build established: Mutant 722 | -10/Materials | Discovered new exit (range 15) 781 | -10/Materials | Discovered new exit (range 16) 901 | -10/Materials | Repaired EM Pulse Gun 928 | -10/Materials | Repaired Ion Engine 955 | -10/Materials | Entered Mines 991 | -10/Mines | Joined a pair of Derelicts in attacking an 0b10 outpost 1088 | -10/Mines | Learned location of Storage (-7) 1307 | -10/Mines | Learned Materials terminal intel 1384 | -10/Mines | Discovered new exit (range 7) 1509 | -10/Mines | Discovered new exit (range 8) 1568 | -10/Mines | Found a Scrap Suit stashed away for nefarious purposes 1769 | -10/Mines | Deemed a non-threat by the Exiles lab entrance 1771 | -10/Mines | Discovered new exit (range 5) 1777 | -10/Mines | Entered Exiles 1816 | -10/Exiles | Met 8R-AWN 1845 | -10/Exiles | Met EX-HEX 1896 | -10/Exiles | Met EX-BIN 1918 | -10/Exiles | Aligned with FarCom system 1920 | -10/Exiles | Given EX-Vault access code 1957 | -10/Exiles | Opened EX-Vault 1968 | -10/Exiles | Found Longsword +1 1998 | -10/Exiles | Warned to stay clear of 0b10 Research branches 2023 | -10/Exiles | Exiles lab attacked by MAIN.C 2110 | -10/Exiles | Discovered new exit (range 14) 2129 | -10/Exiles | Left Exiles lab with Longsword +1 2129 | -10/Exiles | Entered Mines 2130 | -9/Mines | Assembled infested the area 2135 | -9/Mines | Assisted by a Guerilla fighting off Assembled 2197 | -9/Mines | Destroyed 7 combat bots 2201 | -9/Mines | Core integrity fell below 50% 2223 | -9/Mines | Core integrity fell below 20% 2245 | -9/Mines | Lost 10 parts (2p3n3u2w) 2868 | -9/Mines | Discovered new exit (range 12) 2928 | -9/Mines | Entered Materials 2928 | -8/Materials | Evolved 4 slots: Propulsion x1, Utility x3 2929 | -8/Materials | Loaded intel: 12 terminal locations 3099 | -8/Materials | Repaired Lgt. Cannon 3126 | -8/Materials | Repaired Assault Rifle 3975 | -8/Materials | Repaired Lrg. Storage Unit 4338 | -8/Materials | Lost 5 parts (1n2u2w) 4388 | -8/Materials | Core integrity fell below 50% 4408 | -8/Materials | Core integrity fell below 20% 4422 | -8/Materials | Destroyed by G-47 Trooper with Particle Gun Last Messages --------------- 04395_ R-06 Scavenger collects Beam Rifle. 04397_ K-01 Serf collects debris. 04398_ U-05 Engineer builds a Wall. 04398_ R-06 Scavenger collects Welding Torch. 04399_ Nuclear Core destroyed. 04401_ K-01 Serf collects debris. 04402_ Penetrated by Slug. 04402_ Knocked back. 04405_ K-01 Serf collects debris. 04407_ Knocked back. 04408_ Acquired 4 matter. 04409_ K-01 Serf collects debris. 04412_ H-61 Shepherd misfires. 04414_ Critical hit (Burn: +37). 04415_ K-01 Serf collects debris. 04416_ K-01 Serf destroyed. 04417_ Ion Cannon destroyed. 04417_ EM Pulse Cannon destroyed. 04417_ Critical hit (Blast). 04417_ Knocked back. Map ----- +----------------------------------------------------+ | ?????????????????????????????????????????????????? | | ?????????????????????????????????????????????????? | | ?????????????????????????????????????????????????? | | ?????????????????????????????????????????????????? | | ?????????????????????????????????????????????????? | | ????????????????????????????????? ?????????????? | | ????????????????????????????????# %?????????????? | | ????????????????????????????????# #????????????? | | ????????????????????????????????# #????????????? | | ??????????????????????????? ???# #????????????? | | ?????????????????????????# ???# #????????????? | | ?????????????????????????? ???" #????????????? | | ?????????????????????????? ???" #?????####???? | | ?????????????????????????# ???# #???? ????? | | ?????????????????????????# ???# #??? ????? | | ?????????????????????###### ##### ### ?????? | | ?????????????????????? # ???????? | | ??????????????????????? u + ?????????? | | ???????????????????????? #??????????? | | ????????????????????????###;#;##* % #??????????? | | ????????????????????????# %%%%%# % #??????????? | | ????????????????????????#%%Hg% +% % ###########? | | ????????????????????????# %g ###### # #? | | ???????????????????????## ! %%#????# # #? | | ???????????????????????#; #????# # #? | | ???????????????????????##@ % #????# # #? | | ????????????????????????#;###;##????# #####+#####? | | ????????????????Y???????##" ""#?????# #???# #????? | | ?????????????????????????#"R"##?????# #???# #????? | | ????????????????????????##" "####???# #???# #????? | | ??????????????????????### #???# #???# #????? | | ?????????????????w????#"" #???# #???# #????? | | ??????????????????????#"Y #???# ##### ###### | | ??????????????????????#"" * #???# # """ | | ?????????????????Y????### #???# # "Y"] | | ????????????????????????# ##### """ #=!*! | | ????????????????????????# """ + !!] | | ????????????????????????############# """ # | | ????????????????????????????# # # | | ????????????????????????????# """"" + ###### | | ????????????????????????????# ""T"" # """ #????? | | ????????????????????????##### #* """ #????? | | ????????????????????????# + # """ #????? | | ????????????????????????# ######### #????? | | ????????????????????????# ######### #????? | | ????????????????????????# ##+##+##???? | | ????????????????????????# ####### #???? | | ????????????????????????# # # !* #???? | | ????????????????????????# + #! !"" #???? | | ????????????????????????# ##### # # ! T" #???? | +----------------------------------------------------+ Best States ------------- Heat Dissipation 45 Energy Generation 14 Energy Capacity 265 Matter Stores 300 Matter Capacity 300 Sight Range 16 Terrain Scan Density 10 Armor Coverage 150 Resistance: KI 20 Core Shielding 20 Propulsion Shielding 33 Weapon Shielding 33 Evasion (%) 50 Recoil Reduction 2 Item Schematics ----------------- None Robot Schematics ------------------ None Fabricated ------------ Nothing Repaired ---------- EM Pulse Gun | 8% | -10/Materials Ion Engine | 60% | -10/Materials Lgt. Cannon | 11% | -8/Materials Assault Rifle | 1% | -8/Materials Lrg. Storage Unit | 61% | -8/Materials Studied --------- None Alien Tech Used ----------------- None Achievements -------------- Bumper Bots Challenges ------------ None Game ------ Seed GuidanceScanRay Manual? 0 Play Time 00:38:22 Cumulative 18.3 hours Start 2026.04.10 @ 16:12:01 End 2026.04.10 @ 16:50:41 Sessions 1 Manual Loads 0 Difficulty Rogue Special Mode None Game No. 28 Rogue 28 Adventurer 0 Explorer 0 Win Type - Total 0 Types 0/0/0/0/0/0/0/0/0/0 Lore% 12 Gallery% 19 Achievement% 18 Wizard Run 0 Options --------- Layout 1 ASCII 0 Keyboard 0 Movement Mouse Keybinds 0 Fullscreen 1 Font 32/SmallcapsGlow Map View 50x35 Zoom Use 0% Tactical HUD 1 Map Filters NONE Filters NONE Steam 1 RUN: 2b9e9408-d2fd-47ce-bea4-47c159b1e88a